AoeStats
← TANRIM-AFFET

Fortress

507135351Analyzed
4v4 RM · 15d ago on Sep 16, 2026· 88m 46s· 8 players
Game mode
Random Map
Map size
Huge
Population
200
Speed
Normal
Resources
Standard
Victory
Conquest
Starting age
Dark Age
Ending age
Imperial Age
RankedLock teamsTeams togetherTeam positionsShared explorationLock speedFull tech treeHidden civsTurbo modeCheats
Victory
Defeat
🇲🇽 Burgundians · Mexico
851
+13
🇲🇽 Mongols · Mexico
804
+15
🇨🇴 Aztecs · Colombia
746
+17
🇲🇽 Huns · Mexico
716
+18
🇺🇸 Magyars · United States
864
-20
🇹🇷 Spanish · Türkiye
775
-16
🇪🇸 Vietnamese · Spain
722
-14
🇺🇸 Sicilians · United States
719
-13
decs0793
7:53 Feudal Age
14:51 Wheelbarrow
20:48 Castle Age
32:48 Imperial Age
32:58 Elite Tarkan
34:35 Gold Mining
34:38 Horse Collar
34:49 Double-Bit Axe
35:15 Scale Barding Armor
35:12 Scale Mail Armor
36:48 Hand Cart
38:15 Marauders
39:08 Caravan
39:48 Forging
39:54 Chain Mail Armor
40:00 Chain Barding Armor
46:09 Heavy Cavalry Archer
47:15 Parthian Tactics
48:07 Pikeman
48:48 Squires
48:34 Arson
53:47 Halberdier
63:08 Loom
joseabrojo
0:32 Loom
3:51 Double-Bit Axe
6:22 Horse Collar
10:39 Feudal Age
9:20 Stone Mining
12:48 Heavy Plow
13:04 Bow Saw
13:51 Wheelbarrow
16:23 Castle Age
15:57 Forging
15:52 Scale Mail Armor
16:50 Hand Cart
16:45 Gold Mining
19:25 Scale Barding Armor
25:46 Iron Casting
25:24 Husbandry
24:46 Cavalier
25:44 Squires
28:29 Elite Skirmisher
29:02 Fletching
30:00 Fortified Wall
29:40 Guard Tower
33:52 Burgundian Vineyards
37:29 Imperial Age
35:12 Light Cavalry
36:15 Chain Barding Armor
35:51 Bodkin Arrow
37:58 Two-Man Saw
37:43 Crop Rotation
39:00 Conscription
38:05 Hussar
39:26 Chain Mail Armor
40:12 Blast Furnace
40:57 Chemistry
40:19 Ballistics
40:05 Bracer
46:17 Plate Barding Armor
46:01 Padded Archer Armor
49:36 Paladin
51:45 Elite Coustillier
62:36 Plate Mail Armor
62:24 Leather Archer Armor
63:44 Town Watch
75:30 Hoardings
75:07 Masonry
78:43 Sappers
santiago.ramirez10
6:52 Loom
9:19 Feudal Age
9:44 Horse Collar
9:52 Double-Bit Axe
11:18 Wheelbarrow
10:28 Town Watch
14:04 Stone Mining
15:06 Gold Mining
22:51 Castle Age
23:31 Heavy Plow
23:44 Bow Saw
23:10 Elite Skirmisher
26:03 Gambesons
30:10 Ballistics
30:49 Hand Cart
30:34 Town Patrol
31:50 Atlatl
32:07 Pikeman
32:41 Fletching
32:51 Padded Archer Armor
34:04 Town Patrol
39:12 Imperial Age
41:28 Crossbowman
43:46 Eagle Warrior
47:07 Bodkin Arrow
47:27 Leather Archer Armor
47:22 Forging
47:12 Scale Mail Armor
46:58 Elite Jaguar Warrior
62:30 Man-at-Arms
63:10 Squires
65:51 Caravan
69:41 Long Swordsman
72:50 Coinage
76:56 Garland Wars
78:09 Banking
79:37 Arbalester
80:20 Squires
80:05 Arson
80:44 Two-Handed Swordsman
82:12 Iron Casting
81:52 Chain Mail Armor
81:38 Bracer
82:53 Champion
84:28 Sanctity
84:08 Devotion
84:33 Illumination
84:29 Heresy
84:44 Theocracy
84:09 Atonement
84:04 Herbal Medicine
84:29 Heresy
84:44 Theocracy
84:19 Fervor
84:25 Block Printing
84:21 Redemption
88:37 Faith
89:38 Blast Furnace
89:08 Plate Mail Armor
mau.mnry
8:41 Feudal Age
8:15 Loom
15:43 Castle Age
14:06 Double-Bit Axe
16:04 Wheelbarrow
16:59 Bow Saw
17:00 Gold Mining
21:06 Hand Cart
21:25 Town Watch
23:53 Town Patrol
24:49 Stone Mining
26:40 Nomads
27:12 Horse Collar
27:46 Fortified Wall
31:22 Imperial Age
29:18 Ballistics
29:11 Man-at-Arms
30:01 Scale Mail Armor
30:12 Forging
29:54 Long Swordsman
32:55 Drill
32:04 Capped Ram
32:26 Two-Handed Swordsman
33:18 Siege Ram
37:37 Chain Mail Armor
37:58 Iron Casting
37:40 Champion
39:20 Conscription
40:50 Plate Mail Armor
41:21 Blast Furnace
41:58 Gold Shaft Mining
41:58 Stone Shaft Mining
41:42 Caravan
54:17 Elite Mangudai
58:15 Pikeman
58:56 Squires
58:41 Arson
60:57 Hoardings
66:15 Sappers
81:37 Fletching
81:48 Padded Archer Armor
82:15 Ballistics
82:56 Chemistry
82:28 Bodkin Arrow
82:47 Thumb Ring
84:02 Leather Archer Armor
83:48 Bracer
86:29 Heavy Plow
Dande1987
0:34 Loom
9:58 Feudal Age
11:17 Wheelbarrow
10:31 Town Watch
10:38 Double-Bit Axe
10:45 Man-at-Arms
11:12 Arson
11:16 Horse Collar
13:16 Gold Mining
14:19 Stone Mining
17:53 Castle Age
15:59 Scale Mail Armor
16:09 Forging
16:52 Forging
16:45 Padded Archer Armor
16:35 Fletching
17:43 Fletching
18:23 Scale Barding Armor
18:56 Bow Saw
19:05 Heavy Plow
19:53 Husbandry
19:13 Light Cavalry
22:57 Hand Cart
25:18 Hand Cart
25:25 Thumb Ring
25:23 Squires
24:44 Long Swordsman
25:28 Squires
24:49 Long Swordsman
25:54 Thumb Ring
27:37 Iron Casting
29:00 Town Patrol
29:59 Masonry
31:36 Elite Skirmisher
33:56 Chain Mail Armor
33:37 Bodkin Arrow
35:09 Ballistics
35:01 Fortified Wall
38:24 Imperial Age
37:24 Stone Shaft Mining
37:30 Gold Shaft Mining
38:39 Royal Heirs
39:26 Guilds
39:47 Coinage
40:12 Heavy Camel Rider
41:59 Sappers
51:50 Halberdier
TANRIM-AFFET
8:44 Feudal Age
9:22 Double-Bit Axe
11:17 Loom
11:40 Horse Collar
14:17 Castle Age
16:30 Heavy Plow
17:13 Wheelbarrow
18:18 Gold Mining
19:12 Bow Saw
25:44 Hand Cart
26:24 Scale Barding Armor
27:47 Husbandry
27:58 Bloodlines
31:02 Imperial Age
31:23 Chain Barding Armor
31:40 Ballistics
31:17 Elite Conquistador
33:07 Chemistry
32:48 Plate Barding Armor
33:29 Two-Man Saw
32:49 Inquisition
40:57 Block Printing
41:02 Fervor
41:18 Sanctity
41:40 Theocracy
41:06 Herbal Medicine
MEOWZEBONG
7:40 Feudal Age
8:38 Double-Bit Axe
8:36 Horse Collar
12:57 Bloodlines
16:25 Castle Age
15:06 Scale Barding Armor
18:21 Heavy Plow
18:35 Bow Saw
18:55 Corvinian Army
21:50 Fletching
26:07 Chain Barding Armor
25:44 Bodkin Arrow
25:50 Padded Archer Armor
27:54 Wheelbarrow
32:04 Imperial Age
31:12 Leather Archer Armor
31:14 Thumb Ring
32:57 Elite Magyar Huszar
33:50 Recurve Bow
35:48 Crop Rotation
36:31 Two-Man Saw
36:10 Plate Barding Armor
35:36 Bracer
38:49 Ballistics
39:30 Chemistry
39:28 Heavy Cavalry Archer
40:41 Ring Archer Armor
43:12 Conscription
43:28 Hoardings
45:10 Parthian Tactics
54:05 Husbandry
55:37 Caravan
Raidho
0:28 Loom
10:10 Feudal Age
11:00 Stone Mining
11:00 Gold Mining
10:58 Double-Bit Axe
10:54 Horse Collar
12:27 Town Watch
16:33 Wheelbarrow
15:51 Fletching
16:06 Scale Barding Armor
16:12 Forging
16:11 Scale Mail Armor
22:36 Castle Age
22:48 Bloodlines
22:46 Scale Barding Armor
22:52 Forging
22:30 Arson
23:51 Bow Saw
23:42 Heavy Plow
25:27 Bodkin Arrow
25:47 Fervor
27:13 Chain Mail Armor
27:18 Chain Barding Armor
27:04 Squires
27:06 Husbandry
27:46 Hand Cart
29:21 Iron Casting
30:04 Stone Shaft Mining
30:05 Gold Shaft Mining
32:11 First Crusade
32:06 Town Patrol
33:45 Devotion
33:41 Herbal Medicine
36:30 Sanctity
40:27 Imperial Age
38:55 Murder Holes
39:11 Masonry
39:21 Ballistics
40:33 Onager
40:36 Elite Serjeant
41:36 Conscription
41:49 Crop Rotation
42:06 Hoardings
41:20 Arrowslits
42:35 Chemistry
41:58 Caravan
42:30 Coinage
43:04 Guilds
43:26 Plate Mail Armor
43:56 Blast Furnace
42:56 Bracer
44:48 Hauberk
48:39 Banking
47:40 Cavalier
49:03 Plate Barding Armor
48:46 Capped Ram
57:07 Faith
56:35 Gambesons
56:10 Man-at-Arms
56:11 Pikeman
56:13 Cavalier
56:26 Sappers
82:24 Chemistry
81:30 Siege Engineers
85:21 Siege Ram
Connection lost

Rejoining the realm…

Still unreachable

The connection could not be restored.

Session expired

The server has moved on; the page needs a fresh start.